 Dungeon Crawl Stone Soup version 0.20.0-10-g0535bb4 (webtiles) character file.

130 anfisbena the Skirmisher (level 4, -6/37 HPs)
             Began as a Demonspawn Abyssal Knight on June 5, 2017.
             Was a Believer of Lugonu.
             Mangled by an orc
             ... wielding a cursed +0 falchion
              (9 damage)
             ... on level 3 of the Dungeon.
             The game lasted 00:02:36 (3097 turns).

anfisbena the Skirmisher (DsAK)                     Turns: 3097, Time: 00:02:37

Health: -6/37      AC:  1    Str: 12    XL:     4   Next: 89%
Magic:  5/5        EV: 11    Int: 14    God:    Lugonu [**....]
Gold:   113        SH:  0    Dex: 13    Spells: 3/3 levels left

rFire    . . .     SeeInvis .   a - +1 falchion
rCold    . . .     Gourm    .   (no shield)
rNeg     . . .     Faith    .   b - +0 leather armour
rPois    .         Spirit   .   (no helmet)
rElec    .         Reflect  .   (no cloak)
rCorr    .         Harm     .   d - +1 pair of gloves
MR       .....                  (no boots)
Stlth    +.........             (no amulet)
Regen    0.2/turn               (no ring)
MPRegen  0.1/turn               (no ring)

@: corroded
A: talons 1, powered by death 1
a: Depart the Abyss, Bend Space, Renounce Religion


You were on level 3 of the Dungeon.
You worshipped Lugonu.
Lugonu was pleased with you.
You were very hungry.

You visited 1 branch of the dungeon, and saw 3 of its levels.
You visited the Abyss 1 time.

You collected 113 gold pieces.

Inventory:

Hand Weapons
 a - a +1 falchion (weapon)
Armour
 b - a +0 leather armour (worn)
 d - a +1 pair of gloves (worn)
 k - a +0 helmet
Jewellery
 l - a cursed ring of loudness {unknown}
 m - an uncursed amulet of the gourmand {unknown}
Wands
 r - a wand of polymorph (9/24)
Scrolls
 f - 3 scrolls of teleportation {unknown}
 g - a scroll of fear {unknown}
 j - 5 scrolls of identify {unknown}
 q - 2 scrolls of remove curse {unknown}
 t - 2 scrolls of fog {unknown}
Potions
 e - 4 potions of curing {unknown}
 i - 2 potions of heal wounds {unknown}
 n - a potion of cancellation {unknown}
 o - a potion of berserk rage {unknown}
 p - 3 potions of might {unknown}
 s - a potion of degeneration {unknown}
 u - a potion of haste {unknown}
 v - 2 potions of flight {unknown}
 w - a potion of lignification {unknown}
Comestibles
 c - 2 bread rations
 h - a meat ration


   Skills:
 + Level 4.0 Fighting
 * Level 4.0 Long Blades
 - Level 1.7 Armour
 - Level 0.8 Dodging
 - Level 2.4 Invocations


You had 3 spell levels left.
You didn't know any spells.

Dungeon Overview and Level Annotations

Branches:
Dungeon (3/15)

Altars:
Dithmenos
Qazlal
Zin


Innate Abilities, Weirdness & Mutations

You have sharp toenails.
You regenerate a little health from kills.


Message History

You are no longer corroded.
There is a stone staircase leading up here.
The ooze jiggles.
The ooze jiggles.
You see here a stone.
There is a stone staircase leading up here.
You are feeling very hungry.
You hit the jelly. The acid corrodes you!
Your hands burn!
* * * LOW HITPOINT WARNING * * *
You claw the jelly, but do no damage.
The jelly is heavily wounded.
The jelly hits you.
* * * LOW HITPOINT WARNING * * *
You are splashed with acid!
The acid burns!
* * * LOW HITPOINT WARNING * * *
An orc comes into view. It is wielding a falchion.
The orc shouts!
You hit the orc but do no damage. You claw the orc, but do no damage.
The orc hits you with a falchion!
You die...

#.# #.....##J##.#####.##. #.#
##..###........##.##. #.# #..#
#.#.#.##.##.### ########.# #..#
#J#......##(# .........# ##.#
#.##.##..##.# ########.# #J#
#.##.##..##.#
#####.#####.###.##........#
#...........J##..#..#..####
#.###.#####.@##..#.....# #.# #.#
#..o#..§§#...# #.# #.#
#.....#§##...# ..###.###.#
#...##.§§#§..# ...>......#
#.#.#§#§#§#.#######
.####.##..#####.#.§§.§§§.........
#.##......#.#.#§#§#§#########
...........#.#..#§§§## ##
##.##.###........#.##


You could see a jelly, an ooze and an orc.

Vanquished Creatures
  A gnoll (D:1)
  3 adders (D:3)
  5 oozes (D:3)
  2 worms (D:2)
  4 dart slugs
  2 leopard geckos
  A ball python (D:3)
  2 giant cockroaches
  4 goblins
  5 hobgoblins
  4 jackals (D:2)
  12 kobolds
  A quokka (D:3)
  4 bats
  2 frilled lizards
  4 rats
56 creatures vanquished.

Vanquished Creatures (others)
  3 fungi (D:3)
  10 toadstools (D:3)
13 creatures vanquished.

Grand Total: 69 creatures vanquished

Notes
Turn   | Place    | Note
-------+----------+-------------------------------------------
     0 | Abyss:1  | anfisbena the Demonspawn Abyssal Knight began the quest for the Orb.
     0 | Abyss:1  | Reached XP level 1. HP: 18/18 MP: 2/2
    65 | Abyss:1  | Noticed a guardian serpent
    65 | D:1      | Escaped the Abyss
   240 | D:1      | Reached * piety under Lugonu
   240 | D:1      | Gained mutation: You have sharp toenails. [demonic ancestry]
   240 | D:1      | Reached XP level 2. HP: 7/24 MP: 3/3
   758 | D:1      | Gained mutation: You regenerate a little health from kills. [demonic ancestry]
   758 | D:1      | Reached XP level 3. HP: 29/29 MP: 4/4
  1437 | D:2      | Found a faded altar of an unknown god.
  1671 | D:2      | Found a glowing silver altar of Zin.
  2173 | D:3      | Reached XP level 4. HP: 19/36 MP: 5/5
  2501 | D:3      | Found a stormy altar of Qazlal.
  2565 | D:3      | Found a shadowy altar of Dithmenos.
  3025 | D:3      | Reached ** piety under Lugonu
  3097 | D:3      | Mangled by an orc

Skill      XL: |  1  2  3  4 |
---------------+-------------+-----
Long Blades    | 2 3 4 |  4.0
Fighting       | 4 |  4.0
Armour         | |  1.7
Dodging        | |  0.8
Invocations    | |  2.4

Action                   |  1- 3 |  4- 6 || total
-------------------------+-------+-------++-------
Melee: Falchion          |   115 |    55 ||   170
       Kick              |    27 |    14 ||    41
Invok: Depart the Abyss  |     1 |       ||     1
 Stab: Sleeping          |     1 |       ||     1
  Eat: Chunk             |     4 |     2 ||     6
Armor: Leather armour    |    44 |    11 ||    55
Dodge: Dodged            |    61 |    30 ||    91
       Rpst.: Falchion   |    18 |     8 ||    26
